 Dungeon Crawl Stone Soup version 0.17.0-24-gcfadda4 (webtiles) character file.

9872 ololoev the Destroyer (level 11, -15/67 HPs)
             Began as an Octopode Fire Elementalist on Nov 16, 2015.
             Was a High Priest of Vehumet.
             Killed from afar by a deep troll earth mage (29 damage)
             ... with a blast of rock fragments
             ... on level 11 of the Dungeon.
             The game lasted 00:41:00 (13172 turns).

ololoev the Destroyer (Octopode Fire Elementalist) Turns: 13172, Time: 00:41:00

Health: -15/67     AC:  3    Str: 10    XL:     11   Next: 53%
Magic:  22/22      EV: 11    Int: 21    God:    Vehumet [*****.]
Gold:   155        SH: 11    Dex: 12    Spells: 5 memorised, 9 levels left

rFire  . . .     SeeInvis .     a - +0 short sword (venom)
rCold  . . .     Clarity  .     x - +2 shield {rPois}
rNeg   . . .     SustAt   .     (helmet restricted)
rPois  +         Gourm    .     (no amulet)
rElec  .         Spirit   .     t - +2 ring of protection
rCorr  .         Warding  .     (no ring)
rMut   .         Stasis   .     (no ring)
MR     .....                    (no ring)
Stlth  +++.......               (no ring)
                                (no ring)
                                (no ring)
                                (no ring)

@: very slightly contaminated, not resistant to hostile enchantments, fairly
stealthy
A: almost no armour, amphibious, 8 rings, constrict 8, camouflage 1, strong 1,
gelatinous body 1
a: Renounce Religion


Innate Abilities, Weirdness & Mutations

You cannot wear most types of armour.
You are amphibious.
You can wear up to eight rings at the same time.
You can use your tentacles to constrict eight enemies at once.
Your skin changes colour to match your surroundings (Stealth).
Your rubbery body absorbs attacks (AC +1).
Your muscles are strong. (Str +2)

Inventory:

Hand Weapons
 a - a +0 short sword of venom (weapon)
 b - a +1 blowgun
Missiles
 z - 3 curare-tipped needles
Armour
 p - a +0 buckler
 q - the +0 centaur barding of Enwen {+Blink rElec rC- rN+, unknown}
   (You found it on level 5 of the Dungeon)

   It makes you vulnerable to cold.
   It insulates you from electricity.
   It protects you from negative energy.
   It lets you blink.
 x - a +2 shield of poison resistance (worn)
Jewellery
 t - a +2 ring of protection (left tentacle)
Wands
 c - a wand of disintegration (13)
 r - a wand of fire (12)
 D - a wand of polymorph (15)
 G - a wand of digging (1)
Scrolls
 e - a scroll of amnesia
 f - 5 scrolls of remove curse
 j - 2 scrolls of immolation
 l - 2 scrolls of random uselessness {unknown}
 s - a scroll of teleportation
 v - 2 scrolls of magic mapping
 w - 2 scrolls of fog
 E - a scroll of enchant armour {unknown}
 F - a scroll of brand weapon {unknown}
Potions
 d - 5 potions of curing
 g - a potion of cure mutation
 h - a potion of magic
 i - a potion of berserk rage
 k - a potion of might
 m - 4 potions of agility
 o - a potion of heal wounds
Books
 A - a book of Flames

   Spells                             Type                      Level
   a - Flame Tongue                   Conjuration/Fire             1
   b - Throw Flame                    Conjuration/Fire             2
   c - Conjure Flame                  Conjuration/Fire             3
   d - Inner Flame                    Hexes/Fire                   3
   e - Sticky Flame                   Conjuration/Fire             4
   f - Fireball                       Conjuration/Fire             5
Comestibles
 n - 4 beef jerkies
 y - 5 bread rations
 B - 3 meat rations
 C - 5 fruits
 H - a slice of pizza
 I - 4 chunks of flesh


   Skills:
 - Level 3.4 Fighting
 - Level 4.0 Dodging
 - Level 2.6 Stealth
 * Level 4.9 Shields
 + Level 7.5 Spellcasting
 + Level 10.8 Conjurations
 + Level 9.8 Fire Magic


You had 9 spell levels left.
You knew the following spells:

 Your Spells              Type           Power        Failure   Level  Hunger
a - Flame Tongue          Conj/Fire      #####        1%          1    None
b - Conjure Flame         Conj/Fire      ######..     1%          3    None
c - Sticky Flame          Conj/Fire      ######..     1%          4    ###....
d - Fireball              Conj/Fire      ######....   4%          5    #####..
e - Mephitic Cloud        Conj/Pois/Air  ###.....     7%          3    None


You were on level 11 of the Dungeon.
You worshipped Vehumet.
Vehumet was extremely pleased with you.
You were hungry.

You visited 1 branch of the dungeon, and saw 11 of its levels.

You collected 601 gold pieces.
You spent 446 gold pieces at shops.

###### #....# ##### .
##.##.# ##...# ..T
#######...#.# #..#.#
.....#.......@∩...####.##.#
........†...#...#...##.##.##
#..###########.####.#..##..#
#.####.....##.###
###########.##....##.......
<.....(...<.(..............
#####.........########.#..
#(######### #.#.. #####.#
#.#>.

Notes
Turn   | Place    | Note
--------------------------------------------------------------
     0 | D:1      | ololoev the Octopode Fire Elementalist began the quest for the Orb.
     0 | D:1      | Reached XP level 1. HP: 11/11 MP: 3/3
   437 | D:1      | Reached XP level 2. HP: 15/17 MP: 0/5
  1866 | D:2      | Reached XP level 3. HP: 4/21 MP: 1/6
  1889 | D:2      | Learned a level 3 spell: Conjure Flame
  2522 | D:2      | Reached XP level 4. HP: 27/27 MP: 7/7
  2563 | D:2      | Learned a level 4 spell: Sticky Flame
  3168 | D:3      | Found a radiant altar of Vehumet.
  3277 | D:3      | Became a worshipper of Vehumet
  3384 | D:3      | Reached XP level 5. HP: 31/31 MP: 2/9
  3400 | D:3      | Found a faded altar to an unknown god.
  4147 | D:4      | Noticed an ogre
  4147 | D:4      | Reached skill level 4 in Conjurations
  4147 | D:4      | Reached XP level 6. HP: 25/36 MP: 6/11
  4229 | D:4      | Reached * piety under Vehumet
  4229 | D:4      | Offered knowledge of Sting by Vehumet.
  4241 | D:4      | Noticed Robin
  4431 | D:4      | Found a shattered altar of Ashenzari.
  4459 | D:4      | Killed Robin
  4480 | D:4      | Found a sparkling altar of Nemelex Xobeh.
  4515 | D:4      | You fall through a shaft!
  4515 | D:5      | Entered Level 5 of the Dungeon
  4579 | D:4      | Noticed Blork the orc
  4731 | D:4      | Killed Blork the orc
  4731 | D:4      | Reached skill level 5 in Conjurations
  4731 | D:4      | Reached XP level 7. HP: 14/41 MP: 1/12
  4823 | D:4      | Killed an ogre
  5216 | D:4      | Offered knowledge of Freeze by Vehumet.
  5240 | D:5      | Got a dazzling centaur barding
  5303 | D:5      | Reached ** piety under Vehumet
  5354 | D:5      | Reached skill level 6 in Conjurations
  5531 | D:5      | Reached XP level 8. HP: 42/46 MP: 9/14
  5545 | D:5      | Reached skill level 5 in Fire Magic
  5773 | D:5      | Found a bloodstained altar of Trog.
  5988 | D:5      | Found a staircase to the Ecumenical Temple.
  6383 | D:6      | Reached skill level 7 in Conjurations
  6473 | D:6      | Reached skill level 5 in Spellcasting
  6766 | D:7      | Offered knowledge of Mephitic Cloud by Vehumet.
  6971 | D:7      | Learned a level 3 spell: Mephitic Cloud
  7146 | D:7      | Noticed a centaur skeleton
  7153 | D:7      | Killed a centaur skeleton
  7153 | D:7      | Reached XP level 9. HP: 38/51 MP: 15/17
  7240 | D:7      | Reached skill level 8 in Conjurations
  7373 | D:7      | Reached *** piety under Vehumet
  7380 | D:7      | Learned a level 5 spell: Fireball
  7413 | D:7      | Gained mutation: Your muscles are strong. (Str +2) [mutagenic meat]
  7503 | D:7      | Found a blossoming altar of Fedhas.
  7725 | D:7      | Found a sacrificial altar of Ru.
  7787 | D:7      | Found a stormy altar of Qazlal.
  7810 | D:7      | Noticed Joseph
  7842 | D:7      | Killed Joseph
  8165 | D:7      | Found a burning altar of Makhleb.
  8220 | D:7      | Reached skill level 9 in Conjurations
  8632 | D:8      | Offered knowledge of Iskenderun's Mystic Blast by Vehumet.
  8895 | D:8      | You fall through a shaft for 3 floors!
  9245 | D:11     | Reached XP level 10. HP: 55/57 MP: 8/19
  9381 | D:11     | Reached skill level 1 in Fighting
  9486 | D:11     | Noticed Sonja
  9493 | D:11     | Killed Sonja
  9493 | D:11     | Reached skill level 1 in Shields
  9515 | D:11     | Noticed a centaur zombie
  9543 | D:11     | Killed a centaur zombie
  9543 | D:11     | Reached **** piety under Vehumet
  9651 | D:11     | Found Luygoxzi's Antique Weapon Boutique.
  9668 | D:11     | Bought a jewelled falchion for 264 gold pieces
  9671 | D:11     | Identified the +6 falchion "Pugivvev" {vamp, Dex+4} (You bought it in a shop on level 11 of the Dungeon)
  9974 | D:11     | Found a portal to a secret trove of treasure.
  9990 | D:10     | Entered Level 10 of the Dungeon
 10081 | D:10     | Reached skill level 10 in Conjurations
 10395 | D:8      | Offered knowledge of Lightning Bolt by Vehumet.
 10460 | D:8      | Noticed Psyche
 10464 | D:8      | Killed Psyche
 11136 | D:9      | Found a staircase to the Lair.
 11657 | D:9      | Reached ***** piety under Vehumet
 11663 | D:9      | Reached XP level 11. HP: 51/67 MP: 17/21
 11760 | D:9      | Offered knowledge of Bolt of Cold by Vehumet.
 12097 | D:10     | Found Gammoebb's General Store.
 12105 | D:10     | Bought a scroll of magic mapping for 49 gold pieces
 12105 | D:10     | Bought a scroll of enchant weapon for 105 gold pieces
 12105 | D:10     | Bought a scroll of identify for 28 gold pieces
 12105 | D:10     | Identified a scroll of acquirement
 12189 | D:10     | Found a staircase to the Orcish Mines.
 12215 | D:10     | Noticed a hill giant
 12247 | D:10     | Killed a hill giant
 13164 | D:11     | Noticed a deep troll earth mage
 13164 | D:11     | Noticed a green ugly thing
 13171 | D:11     | Killed a green ugly thing
 13172 | D:11     | Killed from afar by a deep troll earth mage

Dungeon Overview and Level Annotations

Branches:
Dungeon (11/15)            Temple (0/1) D:5            Lair (0/8) D:9
    Orc (0/4) D:10

Altars:
Ashenzari
Fedhas
Makhleb
Nemelex Xobeh
Qazlal
Ru
Trog
Vehumet

Shops:
D:10 *   D:11 (

Portals:
Trove: D:11 (give horn of Geryon)


Message History

Press: ? - help, v - describe, . - travel
Here: a deep troll earth mage (severely wounded)
The floor.
Casting: Fireball
Confirm with . or Enter, or press ? or * to list all spells.
Aiming: Fireball
Press: ? - help, Shift-Dir - straight line, p - green ugly thing The fireball explodes!
The fireball engulfs the deep troll earth mage.
The deep troll earth mage is almost dead.
The fireball engulfs the green ugly thing.
The green ugly thing is almost dead.
The deep troll earth mage casts a spell next to you.
The wall shatters!
The blast of rock fragments hits you!
Unknown command.
Unknown command.
Read which item? (? for menu, Esc to quit)
Blink to where?
Press: ? - help, Dir - move target cursor
As you read the scroll of blinking, it crumbles to dust.
Drink which item? (? for menu, Esc to quit)
Magic courses through your body.
Casting: Fireball
Confirm with . or Enter, or press ? or * to list all spells.
Aiming: Flame Tongue
Press: ? - help, Shift-Dir - straight line, f - green ugly thing
Aim: a green ugly thing (almost dead)
The flame tongue misses the green ugly thing.
You hear a grinding noise.
Casting: Flame Tongue
Confirm with . or Enter, or press ? or * to list all spells.
Aiming: Flame Tongue
Press: ? - help, Shift-Dir - straight line, f/p - green ugly thing
Aim: a green ugly thing (almost dead)
The flame tongue hits the green ugly thing.
You kill the green ugly thing!
Vehumet accepts your kill.
You feel your power returning.
The wall shatters!
The blast of rock fragments hits you!
You die...

There were no monsters in sight!

Vanquished Creatures
  Sonja (D:11)
  A hill giant (D:10)
  An ugly thing (D:11)
  Joseph (D:7)
  2 centaur zombies
  Psyche (D:8)
  A trapdoor spider zombie (D:11)
  A wraith (D:10)
  6 yaks (D:10)
  A trapdoor spider (D:11)
  A wyvern (D:11)
  A hippogriff (D:8)
  3 steam dragons (D:10)
  4 orc warriors
  An ice beast (D:8)
  2 ogres
  2 sky beasts
  A necrophage (D:8)
  A wasp (D:10)
  3 phantoms
  A crocodile (D:8)
  Blork the orc (D:4)
  5 centaurs
  7 giant frogs
  A wyvern zombie (D:9)
  3 killer bees (D:9)
  A scorpion (D:9)
  4 wights (D:11)
  A wasp zombie (D:5)
  4 crimson imps
  3 centaur skeletons
  A gnoll shaman (D:7)
  4 giant frog skeletons
  6 hounds
  5 iguanas
  2 jellies (D:10)
  5 orc priests
  A quasit (D:6)
  11 orc wizards
  11 worker ants
  A killer bee zombie (D:6)
  A hound zombie (D:9)
  3 hound skeletons
  A worker ant zombie (D:7)
  Robin (D:4)
  11 adders
  9 gnolls
  A river rat (D:4)
  4 shadow imps
  An adder zombie (D:9)
  4 worms
  An adder skeleton (D:7)
  4 giant geckos
  43 orcs
  9 giant cockroaches
  17 goblins
  11 hobgoblins
  14 jackals
  13 kobolds
  3 quokkas
  4 ball pythons
  5 bats
  A giant gecko skeleton (D:4)
  2 giant newts
  A quokka skeleton (D:9)
  A quokka zombie (D:5)
  7 rats
285 creatures vanquished.

Vanquished Creatures (others)
  An orc (D:7)
1 creature vanquished.

Grand Total: 286 creatures vanquished

Action                   |  1- 3 |  4- 6 |  7- 9 | 10-12 || total
-------------------------+-------+-------+-------+-------++-------
Melee: Unarmed           |    15 |       |       |       ||    15
       Dagger            |    40 |    71 |    88 |     7 ||   206
       Quarterstaff      |       |       |     5 |       ||     5
       Short sword       |       |       |       |    56 ||    56
 Fire: Blowgun           |       |       |       |     6 ||     6
 Cast: Flame Tongue      |    37 |    72 |    91 |   136 ||   336
       Conjure Flame     |       |    12 |    17 |    20 ||    49
       Sticky Flame      |       |     6 |    21 |    10 ||    37
       Fireball          |       |       |    12 |    39 ||    51
       Mephitic Cloud    |       |       |     2 |     1 ||     3
  Use: Scroll            |       |     8 |     5 |     9 ||    22
       Potion            |       |       |     1 |     1 ||     2
 Stab: Sleeping          |     7 |     3 |    11 |       ||    21
       Confused          |       |       |     1 |       ||     1
  Eat: Chunk             |     5 |     9 |    16 |    14 ||    44
       Meat ration       |       |       |     1 |     2 ||     3
       Royal jelly       |       |       |     1 |     1 ||     2
       Fruit             |       |       |       |     2 ||     2

Vault maps used:
D:1:      minmay_arrival_pointy, item_on_display_a
D:2:      first_bread, solitary_fountain
D:3:      vehumet_crystals, ecumenical_altar_2
D:4:      lemuel_doored_altar, gup_sewer_entry_bowl,
          nemelex_diamond_rough_becter, uniq_robin, uniq_blork_the_orc
D:5:      lightli_temple_of_fire, temple_hall
D:7:      grunt_qazlal_clouds, fedhas_altar_4, kennysheep_mini,
          lemuel_coloured_pillars_altar, st_stairs_14, uniq_joseph
D:8:      minmay_orc_keep, uniq_psyche
D:9:      lair_0_dummy
D:10:     kennysheep_steamy, orc_0_dummy, serial_shops, shop
D:11:     serial_shops, nicolae_shop_window_shopping,
          nicolae_trove_entry_crossroad, uniq_sonja
